 Dungeon Crawl Stone Soup version 0.30-a0-800-g7c544603b3 (webtiles) character file.

Game seed: 3735678304274486445

1288 Demosthentine the Ducker (level 8, -6/62 HPs)
             Began as a Demonspawn Gladiator on Feb 22, 2023.
             Was an Initiate of Yredelemnul.
             Mangled by a mummy (16 damage)
             ... in an ossuary.
             The game lasted 00:07:30 (4628 turns).

Demosthentine the Ducker (Demonspawn Gladiator)     Turns: 4628, Time: 00:07:31

Health: -6/62      AC:  5    Str: 15    XL:     8   Next: 30%
Magic:  8/8        EV: 19    Int:  9    God:    Yredelemnul [......]
Gold:   54         SH:  0    Dex: 17    Spells: 7/7 levels left

rFire   . . .      SeeInvis +    a - +0 trident
rCold   . . .      Faith    .    (no shield)
rNeg    . . .      Spirit   .    b - +0 leather armour
rPois   .          Reflect  .    (helmet restricted)
rElec   .          Harm     .    t - +0 cloak
rCorr   .          Rampage  .    j - +0 pair of gloves
Will    .....                    (no boots)
Stlth   +                        h - amulet of regeneration
HPRegen 1.10/turn                o - ring of see invisible
MPRegen 0.11/turn                (no ring)

@: agile, studying Invocations
A: horns 2, foul stench 1, powered by pain 2
a: Renounce Religion, Recall Undead Harvest


You were in an ossuary.
You worshipped Yredelemnul.
Yredelemnul was noncommittal.
You visited 2 branches of the dungeon, and saw 6 of its levels.
You also visited: Ossuary.

You collected 152 gold pieces.
You spent 98 gold pieces at shops.

Inventory:

Hand Weapons
 a - a +0 trident (weapon)
Missiles
 d - a throwing net (quivered)
 e - a javelin
Armour
 b - a +0 leather armour (worn)
 c - +0 storm dragon scales
 j - a +0 pair of gloves (worn)
 t - a +0 cloak (worn)
Jewellery
 h - an amulet of regeneration (around neck)
 o - a ring of see invisible (left hand)
 u - an amulet of guardian spirit
Scrolls
 m - a scroll of enchant armour
 v - a scroll of identify
 w - a scroll of fog {unknown}
 y - a scroll of silence {unknown}
Potions
 f - 2 potions of berserk rage {unknown}
 g - 4 potions of magic
 i - 2 potions of flight {unknown}
 k - a potion of resistance
 l - 2 potions of lignification {unknown}
 n - a potion of haste
 p - 4 potions of degeneration {unknown}
 q - 4 potions of curing
 r - a potion of mutation
 s - a potion of brilliance
 x - a potion of invisibility


   Skills:
 + Level 5.3 Fighting
 + Level 5.2 Polearms
 - Level 1.7 Throwing
 + Level 4.3 Armour
 + Level 5.3 Dodging


You had 7 spell levels left.
You didn't know any spells.
Your spell library contained the following spells:

 Spells                   Type           Power      Damage    Failure   Level
 Kiss of Death            Conj/Necr      0%         2d5       45%         1
 Confusing Touch          Hex            0%         N/A       83%         3
 Vhi's Electric Charge    Tloc/Air       0%         N/A       83%         3
 Dispel Undead            Necr           0%         3d6       99%         4
 Arcjolt                  Conj/Air       0%         1d10      100%        5
 Maxwell's Capacitive Co  Air            0%         ∞         100%        8


Dungeon Overview and Level Annotations

Branches:
Dungeon (5/15)             Temple (1/1) D:4         Ossuary (1/1)

Altars:
Ashenzari
Dithmenos
Fedhas
Gozag
Hepliaklqana
Kikubaaqudgha
Okawaru
Trog
Wu Jian
Yredelemnul

Shops:
D:3 [*


Innate Abilities, Weirdness & Mutations

You have a pair of horns on your head.
You may rarely emit foul miasma when damaged in melee.
You sometimes gain power by taking damage.


Message History

You are too injured to fight recklessly!
You are too injured to fight recklessly!
You are too injured to fight recklessly!
You are too injured to fight recklessly!
You are too injured to fight recklessly!
You are too injured to fight recklessly!
You are too injured to fight recklessly!
You are too injured to fight recklessly!
You are too injured to fight recklessly!
You are too injured to fight recklessly!
You are too injured to fight recklessly!
You are too injured to fight recklessly!
You are too injured to fight recklessly!
You are too injured to fight recklessly!
You are too injured to fight recklessly!
You barely miss the mummy.
The mummy is moderately damaged.
The mummy hits you!
* * * LOW HITPOINT WARNING * * *
The mummy barely misses you.
You barely miss the mummy.
The mummy is moderately damaged.
Unknown command.
Okay, then.
You feel better. The mummy hits you!
* * * LOW HITPOINT WARNING * * *
The mummy hits you but does no damage.
You puncture the mummy! Your headbutt misses the mummy.
The mummy is almost destroyed.
The mummy hits you!
* * * LOW HITPOINT WARNING * * *
You focus on the pain.
You feel agile all of a sudden.
You completely miss the mummy.
The mummy is almost destroyed.
The mummy hits you but does no damage.
Unknown command.
You feel better. The mummy hits you!
You die...
Your body rises from the dead as a mindless zombie.

#....#
#....#
#....#
#....#
#....#
#....#
#...Z#
#..MM#
#.∩∩@#
######


You could see 2 mummies and a kobold zombie.

Vanquished Creatures
  Grinder (D:4)
  Eustachio (D:4)
  An ice beast (D:5)
  2 ogres
  A phantom (D:5)
  A bullfrog (D:5)
  A necrophage (D:4)
  A scorpion (D:4)
  3 hounds
  A jelly (D:5)
  Crazy Yiuf (D:2)
  An iguana (D:5)
  2 mummies (Ossuary)
  6 gnolls
  4 adders
  4 worms
  4 dart slugs
  7 orcs
  12 ball pythons
  5 endoplasms
  A giant cockroach (D:1)
  10 goblins
  7 hobgoblins
  4 jackals (D:4)
  6 quokkas
  5 bats
  3 frilled lizards
  2 hobgoblin zombies (Ossuary)
  10 kobolds
  3 kobold zombies (Ossuary)
  2 orc zombies (Ossuary)
  7 rats
119 creatures vanquished.

Vanquished Creatures (collateral kills)
  A gnoll (D:5)
1 creature vanquished.

Vanquished Creatures (others)
  A wizard (D:3)
  2 gnoll zombies (D:5)
  A quokka zombie (D:5)
4 creatures vanquished.

Grand Total: 124 creatures vanquished

Notes
Turn   | Place    | Note
-------+----------+-------------------------------------------
     0 | D:1      | Demosthentine the Demonspawn Gladiator began the quest for
                  | the Orb.
     0 | D:1      | Reached XP level 1. HP: 16/16 MP: 1/1
   115 | D:1      | Gained mutation: You may rarely emit foul miasma when
                  | damaged in melee. [demonic ancestry]
   115 | D:1      | Reached XP level 2. HP: 11/22 MP: 2/2
   985 | D:2      | Reached skill level 1 in Armour
  1001 | D:2      | Reached XP level 3. HP: 28/28 MP: 3/3
  1372 | D:2      | Found a runed translucent door.
  1373 | D:2      | Noticed Crazy Yiuf
  1667 | D:2      | Gained mutation: You sometimes gain a little power by
                  | taking damage. [demonic ancestry]
  1667 | D:2      | Reached XP level 4. HP: 32/34 MP: 4/4
  1976 | D:2      | Killed Crazy Yiuf
  2120 | D:3      | Found a bloodstained altar of Trog.
  2448 | D:3      | Noticed a wizard
  2451 | D:3      | Killed a wizard
  2471 | D:3      | Found Aquetzae's General Store.
  2501 | D:3      | Bought a potion of curing for 42 gold pieces
  2501 | D:3      | Bought a scroll of identify for 28 gold pieces
  2501 | D:3      | Bought a scroll of identify for 28 gold pieces
  2735 | D:3      | Found Jihebb's Antique Armour Boutique.
  2772 | D:3      | Found a broken altar of Ashenzari.
  3092 | D:3      | Gained mutation: You have a pair of small horns on your
                  | head. [demonic ancestry]
  3092 | D:3      | Reached XP level 5. HP: 34/41 MP: 5/5
  3359 | D:4      | Reached XP level 6. HP: 48/48 MP: 6/6
  3568 | D:4      | Noticed Grinder
  3571 | D:4      | Paralysed by Grinder for 3 turns
  3588 | D:4      | Paralysed by Grinder for 5 turns
  3597 | D:4      | Paralysed by Grinder for 4 turns
  3606 | D:4      | Killed Grinder
  3607 | D:4      | Gained mutation: You have a pair of horns on your head.
                  | [demonic ancestry]
  3607 | D:4      | Reached XP level 7. HP: 45/54 MP: 7/7
  3806 | D:4      | Found a basalt altar of Yredelemnul.
  3893 | D:4      | Noticed Eustachio
  3915 | D:4      | Found a staircase to the Ecumenical Temple.
  3924 | Temple   | Entered the Ecumenical Temple
  3998 | D:4      | Killed Eustachio
  4032 | D:4      | Became a worshipper of Yredelemnul the Dark
  4259 | D:5      | Entered Level 5 of the Dungeon
  4259 | D:5      | Found a shadowy altar of Dithmenos.
  4282 | D:5      | Reached skill level 5 in Fighting
  4282 | D:5      | Reached skill level 5 in Polearms
  4282 | D:5      | Reached skill level 5 in Dodging
  4282 | D:5      | Gained mutation: You sometimes gain power by taking damage.
                  | [demonic ancestry]
  4282 | D:5      | Reached XP level 8. HP: 58/62 MP: 8/8
  4374 | D:5      | Reached * piety under Yredelemnul
  4566 | D:5      | Found a sand-covered staircase.
  4570 | Ossuary  | Entered an ossuary
  4626 | Ossuary  | HP: 1/62 [mummy (17)]
  4628 | Ossuary  | Mangled by a mummy

Illustrated notes

Levels and vault maps discovered:
D:1:      co_arrival_square_in_a_square_in_a_square, layout_loops_corners,
          chequers_serial_rivers_marsh
D:2:      layout_basic, serial_aquarium, aquarium_bridge_straight
          [aquarium_subvault_bridge, aquarium_subvault_wall,
          aquarium_subvault_bridge, aquarium_subvault_wall],
          aquarium_bridge_long_joined [aquarium_subvault_bridge,
          aquarium_subvault_bridge, aquarium_subvault_bridge,
          aquarium_subvault_balcony, aquarium_subvault_wall,
          aquarium_subvault_wall], aquarium_window_2, aquarium_window_1,
          aquarium_window_fake, aquarium_window_fake, aquarium_view_2c,
          aquarium_pool_S, minmay_split_cup_large, uniq_crazy_yiuf_cottage
D:3:      layout_loops_corners, evilmike_ruin_ashenzari, trog_wizard,
          serial_forest, infiniplex_forest_end_3, infiniplex_forest_corner_1,
          infiniplex_forest_lined_room_3, infiniplex_forest_zigzag_1,
          infiniplex_forest_clump_double, infiniplex_forest_straight_2,
          serial_shops, nicolae_shop_statue_plus, shop
D:4:      layout_gridville, mainiacjoe_overflow_24_doors,
          minmay_temple_entry_statues_fountains, uniq_grinder, uniq_eustachio
D:5:      layout_rooms, nicolae_uskayaw_murder_on_the_dancefloor,
          grunt_dithmenos_smoke, makhleb_heckhound_becter, enter_ossuary_5,
          hangedman_decor_lopped, st_stairs_2
Temple:   nicolae_temple_ecumenical_triangle
Ossuary:  ossuary_tomb_3

Skill      XL: |  1  2  3  4  5  6  7 |
---------------+----------------------+-----
Dodging        | 3 4 5 |  5.3
Polearms       | 3 4 5 |  5.2
Armour         | 1 2 3 4 |  4.3
Fighting       | 3 4 5 |  5.3
Throwing       | |  1.7

Action                     |  1- 3 |  4- 6 |  7- 9 || total
---------------------------+-------+-------+-------++-------
  Melee: Trident           |   157 |   202 |   139 ||   498
         Punch             |       |     3 |     2 ||     5
         Headbutt          |       |    19 |    22 ||    41
  Throw: Throwing net      |       |     1 |     1 ||     2
    Use: Scroll            |     4 |     8 |     2 ||    14
         Potion            |       |     1 |     3 ||     4
   Stab: Sleeping          |     4 |     2 |       ||     6
 Armour: Leather armour    |    45 |    53 |    77 ||   175
  Dodge: Dodged            |    96 |   106 |   180 ||   382

Table legend: (Time is in decaauts)
 A = Elapsed time spent in this place.
 B = Non-inter-level travel time spent in this place.
 C = Inter-level travel time spent in this place.
 D = Time resting spent in this place.
 E = Time spent auto-exploring this place.
 F = Levels seen in this place.
 G = Mean time per level.
                   A        B        C        D        E       F      G
               +--------+--------+--------+--------+--------+-----+--------+
         Total |   4689 |   4574 |    115 |      6 |   3480 |   7 |  669.9 |
       Dungeon |   4576 |   4461 |    115 |      6 |   3447 |   5 |  915.2 |
        Temple |     52 |     52 |      0 |      0 |     32 |   1 |   52.0 |
       Ossuary |     59 |     59 |      0 |      0 |      1 |   1 |   59.0 |
               +--------+--------+--------+--------+--------+-----+--------+

Top non-repeatable levels by time:
     D:4: 1147 daAuts
     D:3: 1078 daAuts
     D:2: 1055 daAuts
     D:1: 980 daAuts
     D:5: 315 daAuts
 Ossuary: 59 daAuts
  Temple: 52 daAuts
